[Event "Polish University-ch Women 2024"]
[Site "Lublin"]
[Date "2024.02.24"]
[Round "7.5"]
[White "Jarocka, Liwia"]
[Black "Harazinska, Magdalena"]
[Result "1/2-1/2"]
[ECO "B41"]
[WhiteElo "2199"]
[BlackElo "1950"]
[Annotator "RC"]
[PlyCount "126"]
[EventDate "2024.02.22"]
[EventType "swiss"]
[EventCountry "POL"]
[SourceTitle "playchess.com"]
[Source "ChessBase"]
[SourceQuality "1"]
[TimeControl "600+3"]

1. e4 c5 2. Nf3 a6 3. c4 e6 4. d4 cxd4 5. Nxd4 Qc7 6. Nc3 Nf6 7. Be2 Be7 8. O-O O-O 9. Be3 d6 10. Rc1 b6 11. f3 Bb7 12. Kh1 Nbd7 13. b4 Rac8 14. a3 Qb8 15. g4 Ne5 16. Na4 Nfd7 17. Nb3 Bd8 18. Qd2 Bc7 19. Nb2 Rfd8 20. Kg1 Ng6 21. Nd4 d5 22. exd5 Bxh2+ 23. Kh1 exd5 24. Nf5 dxc4 25. Bxc4 Be5 26. Nd3 b5 27. Bb3 Rxc1 28. Qxc1 Nf6 29. Nxe5 Nxe5 30. Bf4 Nd3 31. Bxb8 Nxc1 32. Rxc1 Bxf3+ 33. Kg1 Rxb8 34. Rc7 Rf8 35. g5 Ne4 36. Ra7 Nxg5 37. Rxa6 g6 38. Nd4 Be4 39. Nxb5 Bd3 40. Rb6 h5 41. a4 h4 42. Rd6 Be4 43. Nc3 Bf3 44. Rxg6+ Kh7 45. Rxg5 f6 46. Rf5 Bg4 47. Rf4 f5 48. Bd1 Rc8 49. Bxg4 fxg4 50. Nd5 Rc1+ 51. Kf2 g3+ 52. Kg2 Rc2+ 53. Kg1 Rc1+ 54. Kg2 Rc2+ 55. Kg1 Rc1+ 56. Rf1 Rc2 57. Nf4 Rc4 58. b5 Rxa4 59. b6 Rb4 60. Nd5 Rb2 61. Rf4 Rb1+ 62. Kg2 Rb2+ 63. Kg1 Rb1+ 1/2-1/2

[Event "Polish University-ch Women 2024"]
[Site "Lublin"]
[Date "2024.02.24"]
[Round "7.6"]
[White "Michalak, Wiktoria"]
[Black "Kroliczek, Gabriela"]
[Result "1-0"]
[ECO "D13"]
[WhiteElo "1522"]
[BlackElo "1928"]
[Annotator "NA RC"]
[PlyCount "121"]
[EventDate "2024.02.22"]
[EventType "swiss"]
[EventCountry "POL"]
[SourceTitle "playchess.com"]
[Source "ChessBase"]
[SourceQuality "1"]
[TimeControl "600+3"]

1. Nf3 d5 2. c4 c6 3. cxd5 cxd5 4. d4 Nc6 5. Nc3 Nf6 6. g3 Bf5 7. Nh4 Bd7 8. Bg2 e6 9. O-O Be7 10. Bd2 O-O 11. e3 Na5 12. b3 Rc8 13. Qe1 Nc6 14. Rc1 Ba3 15. Rb1 Nb4 16. Qd1 a5 17. e4 dxe4 18. Nxe4 Bb5 19. Bxb4 Bxb4 20. a4 Bxf1 21. Qxf1 Nxe4 22. Bxe4 Qxd4 23. Bxb7 Rc3 24. Ba6 g6 25. Rd1 Qf6 26. Bc4 Bc5 27. Qe2 Rd8 28. Rxd8+ Qxd8 29. Nf3 Rc1+ 30. Kg2 Qd1 31. Qe4 Rc2 32. Qa8+ Kg7 33. Qe4 Rxf2+ 34. Kh3 Qxf3 35. Qe5+ Kh6 36. Qxc5 Qh5+ 37. Qxh5+ Kxh5 38. g4+ Kg5 39. Kg3 Rc2 40. h4+ Kf6 41. Kf4 Rh2 42. Kg3 Rh1 43. Bb5 e5 44. g5+ Ke7 45. Bc4 f5 46. gxf6+ Kxf6 47. Bd5 Kf5 48. Bxh1 h6 49. Kf3 g5 50. hxg5 hxg5 51. Kg3 e4 52. Bg2 Ke5 53. Kg4 e3 54. Bf3 Kd4 55. Kxg5 Kd3 56. Kf4 e2 57. Bxe2+ Kxe2 58. Ke4 Kd2 59. Kd4 Kc2 60. Kc4 Kb2 61. b4 1-0

[Event "Polish University-ch Women 2024"]
[Site "Lublin"]
[Date "2024.02.24"]
[Round "7.7"]
[White "Wikar, Martyna"]
[Black "Mirowska, Oliwia"]
[Result "1-0"]
[ECO "B01"]
[WhiteElo "2214"]
[BlackElo "1977"]
[Annotator "RC"]
[PlyCount "73"]
[EventDate "2024.02.22"]
[EventType "swiss"]
[EventCountry "POL"]
[SourceTitle "playchess.com"]
[Source "ChessBase"]
[SourceQuality "1"]
[TimeControl "600+3"]

1. e4 d5 2. exd5 Qxd5 3. Nf3 Nf6 4. d4 Bg4 5. Be2 e6 6. c4 Qd8 7. Nc3 Be7 8. h3 Bf5 9. O-O O-O 10. Be3 Nbd7 11. Nh4 Bg6 12. Nxg6 hxg6 13. Bf3 c6 14. Rc1 Rc8 15. Qe2 Bd6 16. Rfd1 a6 17. a3 Qc7 18. d5 exd5 19. cxd5 c5 20. b4 Rfe8 21. b5 Ne5 22. bxa6 bxa6 23. Qxa6 Nxf3+ 24. gxf3 Qe7 25. Nb5 Bb8 26. d6 Qe5 27. Qb7 Rcd8 28. Rxc5 Qe6 29. Nc7 Bxc7 30. Rxc7 Rf8 31. d7 Nh5 32. Qe4 Qb3 33. Qc2 Qe6 34. Qc4 Qxh3 35. Qg4 Qxg4+ 36. fxg4 Nf6 37. Bc5 1-0

[Event "Polish University-ch Women 2024"]
[Site "Lublin"]
[Date "2024.02.24"]
[Round "7.8"]
[White "Michalska, Aleksandra"]
[Black "Czarniecka, Aleksandra"]
[Result "1-0"]
[ECO "E61"]
[WhiteElo "1812"]
[BlackElo "1961"]
[Annotator "NA"]
[PlyCount "67"]
[EventDate "2024.02.22"]
[EventType "swiss"]
[EventCountry "POL"]
[SourceTitle "playchess.com"]
[Source "ChessBase"]
[SourceQuality "1"]
[TimeControl "600+3"]

1. Nf3 Nf6 2. g3 g6 3. Bg2 Bg7 4. d4 O-O 5. O-O d6 6. c4 Nc6 7. Nc3 e5 8. e3 exd4 9. Nxd4 Ne5 10. b3 Bg4 11. f3 Bd7 12. Bb2 Qc8 13. Qc2 Bh3 14. Rad1 Bxg2 15. Qxg2 Nfd7 16. Nd5 Qd8 17. e4 c6 18. Ne3 Nc5 19. Qc2 Qe7 20. b4 Ne6 21. Ne2 Bh6 22. f4 Nd7 23. Ng4 Bg7 24. f5 gxf5 25. exf5 Ng5 26. Bxg7 Kxg7 27. f6+ Nxf6 28. Nxf6 Qe3+ 29. Kh1 Rh8 30. Qd2 Qe5 31. Qf4 Qxe2 32. Qxg5+ Kf8 33. Qh6+ Ke7 34. Rfe1 1-0

[Event "Polish University-ch Women 2024"]
[Site "Lublin"]
[Date "2024.02.24"]
[Round "7.9"]
[White "Kaczmarska, Joanna"]
[Black "Buchta, Agnieszka"]
[Result "1-0"]
[ECO "A05"]
[WhiteElo "1870"]
[BlackElo "1807"]
[Annotator "NA"]
[PlyCount "105"]
[EventDate "2024.02.22"]
[EventType "swiss"]
[EventCountry "POL"]
[SourceTitle "playchess.com"]
[Source "ChessBase"]
[SourceQuality "1"]
[TimeControl "600+3"]

1. Nf3 Nf6 2. g3 g6 3. Bg2 Bg7 4. O-O O-O 5. d3 d6 6. e4 e5 7. Nbd2 c5 8. Nh4 Nh5 9. Nf5 gxf5 10. Qxh5 f4 11. gxf4 exf4 12. Nc4 Qf6 13. Qf3 Bh6 14. Ne3 Qh4 15. Nd5 Bg4 16. Qxg4+ Qxg4 17. Nf6+ Kh8 18. Nxg4 Bg5 19. h4 Bxh4 20. Bxf4 Rg8 21. Nh6 Rg6 22. Nf5 Nc6 23. Nxh4 Rg4 24. Bg3 Rag8 25. Nf5 R8g6 26. Nxd6 Nd4 27. Nxf7+ Kg8 28. Ne5 Ne2+ 29. Kh2 Rh6+ 30. Bh3 Rg5 31. Rae1 Rgh5 32. Rxe2 Rxh3+ 33. Kg2 R3h5 34. Ng4 Rg6 35. f3 Rhg5 36. Bf4 Rh5 37. Kf2 c4 38. dxc4 Ra5 39. a3 h5 40. Nh6+ Kh7 41. Nf5 Rc5 42. b3 b5 43. cxb5 Rxb5 44. a4 Rc5 45. Rh1 Rgc6 46. Rxh5+ Kg6 47. Rh6+ Kf7 48. Rxc6 Rxc6 49. Rd2 a5 50. Rd7+ Ke8 51. Re7+ Kd8 52. Bc7+ Kc8 53. Nd6+ 1-0

[Event "Polish University-ch Women 2024"]
[Site "Lublin"]
[Date "2024.02.24"]
[Round "7.10"]
[White "Pisarek, Elzbieta"]
[Black "Dmochowska, Agnieszka"]
[Result "0-1"]
[ECO "B31"]
[WhiteElo "1754"]
[BlackElo "2001"]
[Annotator "NA"]
[PlyCount "60"]
[EventDate "2024.02.22"]
[EventType "swiss"]
[EventCountry "POL"]
[SourceTitle "playchess.com"]
[Source "ChessBase"]
[SourceQuality "1"]
[TimeControl "600+3"]

1. e4 c5 2. Nf3 Nc6 3. Bb5 Nf6 4. e5 Nd5 5. c3 g6 6. O-O Bg7 7. d4 cxd4 8. cxd4 O-O 9. Nc3 Nc7 10. Ba4 d6 11. Bxc6 bxc6 12. h3 Rb8 13. Qa4 Ba6 14. Re1 Rb6 15. Qc2 Qd7 16. Bf4 Ne6 17. Be3 Rbb8 18. Rad1 Rfc8 19. Qd2 Bb7 20. b3 Qc7 21. Ne4 Rd8 22. Neg5 Nxg5 23. Bxg5 dxe5 24. Nxe5 f6 25. Nf3 fxg5 26. Qxg5 Bf6 27. Qe3 Rd5 28. Nd2 Kg7 29. Nc4 Rbd8 30. Ne5 Bxe5 0-1

[Event "Polish University-ch Women 2024"]
[Site "Lublin"]
[Date "2024.02.24"]
[Round "8.1"]
[White "Kubicka, Anna"]
[Black "Sliwicka, Alicja"]
[Result "1/2-1/2"]
[ECO "B52"]
[WhiteElo "2278"]
[BlackElo "2309"]
[Annotator "ChessBase"]
[PlyCount "291"]
[EventDate "2024.02.22"]
[EventType "swiss"]
[EventCountry "POL"]
[SourceTitle "playchess.com"]
[Source "ChessBase"]
[SourceQuality "1"]
[TimeControl "600+3"]

1. e4 c5 2. Nf3 d6 3. Bb5+ Bd7 4. c4 Bxb5 5. cxb5 Nf6 6. Nc3 a6 7. Qe2 g6 8. d4 cxd4 9. Nxd4 Bg7 10. Be3 O-O 11. O-O Nbd7 12. Rfd1 h5 13. h3 Qa5 14. Nb3 Qd8 15. a3 a5 16. a4 Rc8 17. Rac1 Ne5 18. Nd2 b6 19. f4 Ned7 20. Nb3 Rc7 21. e5 Ne8 22. Bf2 Qb8 23. Nd5 Rxc1 24. Nxe7+ Kh7 25. Nxc1 Nc5 26. Bxc5 bxc5 27. Nc6 Qc7 28. Nd3 c4 29. Nf2 Bh6 30. f5 dxe5 31. Nxe5 Nf6 32. Nxc4 Re8 33. Qd3 Bf4 34. fxg6+ fxg6 35. b3 Qc5 36. Qf3 Bg5 37. Kh1 h4 38. Ng4 Nh5 39. Qf7+ Ng7 40. Nf6+ Bxf6 41. Qxf6 Qh5 42. Qd4 Qf5 43. Qd3 Qg5 44. Nd6 Rf8 45. Qd2 Qf6 46. Ne4 Qf5 47. Ng5+ Kh8 48. Nf3 Nh5 49. Qd4+ Kh7 50. Qd7+ Rf7 51. Qxf5 Rxf5 52. Nxh4 Rf6 53. Rc1 g5 54. Nf3 g4 55. hxg4 Ng3+ 56. Kh2 Ne2 57. Rc7+ Kg8 58. g5 Rf4 59. Rc4 Rf7 60. Re4 Rh7+ 61. Rh4 Re7 62. Nd4 Nc1 63. Nf5 Re5 64. Nh6+ Kg7 65. Rc4 Nxb3 66. Ng4 Rxg5 67. Rc7+ Kg6 68. Rc6+ Kf5 69. Ne3+ Kf4 70. Nc2 Nc1 71. Rf6+ Ke5 72. Rf8 Kd5 73. Ne3+ Kd4 74. Nf1 Ne2 75. Rd8+ Kc5 76. Kh3 Ng1+ 77. Kh2 Ne2 78. Rh8 Rg4 79. Rh5+ Kb6 80. Ne3 Rxa4 81. Nd5+ Kb7 82. Rh7+ Kb8 83. b6 Ra2 84. Kh3 Rd2 85. Nf6 a4 86. Ra7 Nf4+ 87. Kg3 Nxg2 88. Nd7+ Rxd7 89. Rxd7 Ne3 90. Ra7 Nc4 91. Rxa4 Nxb6 92. Rb4 Kc7 93. Kf3 Kc6 94. Ke4 Kc5 95. Rb1 Kc6 96. Rc1+ Kd6 97. Rh1 Kc5 98. Rh5+ Kc4 99. Rh1 Kc5 100. Rd1 Kc6 101. Ke5 Kc5 102. Rc1+ Kb5 103. Kd6 Nc4+ 104. Kd5 Nb6+ 105. Kd4 Nd7 106. Rc7 Nb6 107. Rc5+ Ka6 108. Rh5 Kb7 109. Kc5 Nd7+ 110. Kd6 Nb8 111. Rb5+ Kc8 112. Rb1 Nd7 113. Rh1 Nb8 114. Rh7 Na6 115. Kc6 Nb8+ 116. Kc5 Nd7+ 117. Kd6 Nb8 118. Rc7+ Kd8 119. Ra7 Kc8 120. Rc7+ Kd8 121. Rh7 Kc8 122. Rg7 Na6 123. Rg1 Kb7 124. Rb1+ Kc8 125. Rh1 Kb7 126. Rb1+ Kc8 127. Rb2 Nb8 128. Rb6 Nd7 129. Rc6+ Kd8 130. Ra6 Nb8 131. Ra8 Kc8 132. Ra7 Kd8 133. Rc7 Na6 134. Rh7 Kc8 135. Rg7 Nb8 136. Re7 Na6 137. Rf7 Nb8 138. Rh7 Na6 139. Ra7 Nb8 140. Rc7+ Kd8 141. Rc1 Na6 142. Kc6 Nb8+ 143. Kd6 Na6 144. Rb1 Kc8 145. Rb6 Nb8 146. Rb4 1/2-1/2

[Event "Polish University-ch Women 2024"]
[Site "Lublin"]
[Date "2024.02.24"]
[Round "8.2"]
[White "Kucharska, Honorata"]
[Black "Czarnecka, Lidia"]
[Result "1/2-1/2"]
[ECO "B40"]
[WhiteElo "2137"]
[BlackElo "2034"]
[Annotator "RC"]
[PlyCount "88"]
[EventDate "2024.02.22"]
[EventType "swiss"]
[EventCountry "POL"]
[SourceTitle "playchess.com"]
[Source "ChessBase"]
[SourceQuality "1"]
[TimeControl "600+3"]

1. e4 c5 2. Nf3 e6 3. g3 d5 4. exd5 Qxd5 5. Nc3 Qd8 6. Bg2 Nf6 7. O-O Nc6 8. d3 Be7 9. Qe2 O-O 10. Ne4 Nd5 11. Bd2 Qb6 12. c4 Nf6 13. Bc3 Nd4 14. Bxd4 cxd4 15. Rab1 a5 16. Ned2 Rd8 17. a3 Bd7 18. Ne5 Bc6 19. Nxc6 bxc6 20. Rfc1 Rac8 21. b4 axb4 22. axb4 Bxb4 23. c5 Qa5 24. Nc4 Qxc5 25. Ne5 Bc3 26. Rb7 Rf8 27. Rcb1 Qd6 28. Bh3 Rce8 29. R1b6 Qd5 30. Bg2 Qa5 31. Nxc6 Qa1+ 32. Rb1 Qa3 33. Ne5 Qc5 34. Nc4 Nd5 35. R7b5 Qc7 36. Rb7 Qd8 37. Ne5 Nf6 38. Bc6 Re7 39. R7b5 Rc7 40. Qf3 Qe7 41. Nc4 Rfc8 42. Be4 h6 43. Ne5 Nxe4 44. Qxe4 Qf6 1/2-1/2

[Event "Polish University-ch Women 2024"]
[Site "Lublin"]
[Date "2024.02.24"]
[Round "8.3"]
[White "Antolak, Julia"]
[Black "Michalak, Wiktoria"]
[Result "1-0"]
[ECO "B16"]
[WhiteElo "2309"]
[BlackElo "1522"]
[Annotator "TA"]
[PlyCount "81"]
[EventDate "2024.02.22"]
[EventType "swiss"]
[EventCountry "POL"]
[SourceTitle "playchess.com"]
[Source "ChessBase"]
[SourceQuality "1"]
[TimeControl "600+3"]

1. e4 c6 2. d4 d5 3. Nd2 dxe4 4. Nxe4 Nf6 5. Nxf6+ gxf6 6. Bf4 Bf5 7. Nf3 Nd7 8. Bd3 Bg7 9. O-O {[%emt 0:00:27] White is more active.} Bg6 10. Qd2 {[%emt 0:00:27] White is slightly better.} O-O 11. Bh6 (11. Rfe1 $14) 11... c5 ({Black should play} 11... Bxh6 12. Qxh6 Bxd3 13. cxd3 Kh8) 12. Rfe1 (12. Bxg7 {keeps more tension.} Kxg7 13. Qe3 cxd4 14. Nxd4 Ne5 15. Be2) 12... cxd4 13. Bxg6 hxg6 14. Bxg7 Kxg7 15. Qxd4 (15. Nxd4 $11 Ne5 16. c3) 15... e5 $1 $15 16. Qb4 Qb6 17. Qxb6 Nxb6 18. Rad1 Rad8 19. b3 Nd5 20. Rd2 (20. g4 $15) 20... Nc3 21. a4 a6 22. Re3 Rxd2 23. Nxd2 Rd8 (23... Rc8 $15) 24. Rxc3 $11 Rxd2 {[%emt 0:00:01][%cal Rd2d1][%mdl 4096] [#] Endgame. KR-KR} 25. Kf1 f5 26. Rc7 {[%emt 0:00:14][%cal Of1e1] Black should prevent Ke1!} b5 27. axb5 axb5 28. Rc5 b4 (28... e4 $11 {remains equal.}) 29. Ke1 $1 $16 ({Don't take} 29. Rxe5 $6 Rxc2 30. Rb5 Rc1+ 31. Ke2 Rc2+ 32. Ke1 Rc1+ 33. Kd2 Rh1 $11) 29... Rd4 30. Rxe5 Kf6 31. Rc5 g5 {[%emt 0:00:24] [#] A mistake that costs the game.} (31... Re4+ $16 {was worth a try.} 32. Kd2 Rd4+ 33. Ke3 Rd1) 32. Ke2 (32. Rc4 $1 $18 Rxc4 33. bxc4) 32... Re4+ 33. Kd3 Rf4 (33... Re1 $16) 34. f3 $18 {[%emt 0:00:04] Rc4 would now be deadly.} Rh4 35. h3 g4 (35... Rh8 $142 36. Kc4 Rb8) 36. fxg4 fxg4 37. Rc4 $1 Kg5 $2 (37... Rh8 $18 38. Rxg4 Rb8) 38. Rxg4+ {[%emt 0:00:18] White mates.} Rxg4 39. hxg4 Kxg4 40. c4 Kg3 41. c5 {[%emt 0:00:04] Weighted Error Value: White=0.16 (very precise) /Black=0.50.  Mistake:       	White=4     	Black=7      Inaccurate:     	White=3     	Black=3      OK:         	White=8     	Black=7      Best:        	White=5     	Black=1      Strong:       	White=1     	Black=1} 1-0

[Event "Polish University-ch Women 2024"]
[Site "Lublin"]
[Date "2024.02.24"]
[Round "8.4"]
[White "Parol, Pola"]
[Black "Jarocka, Liwia"]
[Result "0-1"]
[ECO "B15"]
[WhiteElo "2030"]
[BlackElo "2199"]
[Annotator "RC"]
[PlyCount "64"]
[EventDate "2024.02.22"]
[EventType "swiss"]
[EventCountry "POL"]
[SourceTitle "playchess.com"]
[Source "ChessBase"]
[SourceQuality "1"]
[TimeControl "600+3"]

1. e4 c6 2. d4 d5 3. Nc3 dxe4 4. Nxe4 Nf6 5. Nxf6+ exf6 6. c3 Bd6 7. Bd3 O-O 8. Qc2 Re8+ 9. Ne2 h5 10. O-O h4 11. Nf4 Qc7 12. g3 Nd7 13. Qd1 Nf8 14. Qh5 Qd7 15. f3 c5 16. d5 Re5 17. Qg4 Qxg4 18. fxg4 hxg3 19. h3 f5 20. g5 Bd7 21. Kg2 b5 22. Kxg3 c4 23. Bc2 Rxd5 24. Be3 Re8 25. Kf3 Rde5 26. Bxa7 Bc6+ 27. Kg3 Re2 28. Rf2 Ng6 29. Bd1 Rxf2 30. Kxf2 Nxf4 31. h4 Nd3+ 32. Kf1 Re1# 0-1

[Event "Polish University-ch Women 2024"]
[Site "Lublin"]
[Date "2024.02.24"]
[Round "8.5"]
[White "Trybowska, Barbara"]
[Black "Wikar, Martyna"]
[Result "1/2-1/2"]
[ECO "E00"]
[WhiteElo "1859"]
[BlackElo "2214"]
[Annotator "ChessBase"]
[PlyCount "233"]
[EventDate "2024.02.22"]
[EventType "swiss"]
[EventCountry "POL"]
[SourceTitle "playchess.com"]
[Source "ChessBase"]
[SourceQuality "1"]
[TimeControl "600+3"]

1. d4 Nf6 2. c4 e6 3. g3 a6 4. Bg2 Bb4+ 5. Nd2 O-O 6. Ngf3 c5 7. e3 Nc6 8. O-O cxd4 9. exd4 b5 10. Ne5 Bb7 11. a3 Be7 12. b4 Qc7 13. Bb2 bxc4 14. Nexc4 Na7 15. Rc1 Bxg2 16. Kxg2 Rac8 17. Re1 Qb7+ 18. Kg1 Nd5 19. Ne4 Qb8 20. Nc5 Qb5 21. Qf3 d6 22. a4 Qxb4 23. Ba3 Qb8 24. Nd7 Qa8 25. Nxf8 Rxf8 26. Bxd6 Bxd6 27. Nxd6 Nc6 28. Qe4 a5 29. Nb5 Ncb4 30. Rc5 Qd8 31. Rec1 Qf6 32. Nc7 Nxc7 33. Rxc7 g6 34. R1c3 Nd5 35. Rf3 Qg5 36. Rc5 Qd2 37. Qd3 Qe1+ 38. Kg2 Nb4 39. Qc3 Qd1 40. Rxa5 Nd5 41. Qd3 Qc1 42. Rc5 Qa1 43. a5 Rd8 44. a6 Ra8 45. Rc6 Nb4 46. Qc3 Qxc3 47. Rcxc3 Nxa6 48. Ra3 Nc7 49. Rxa8+ Nxa8 50. Rb3 Nc7 51. Kf3 Nd5 52. Ke4 Kg7 53. Rb7 h6 54. f4 Kf6 55. g4 h5 56. g5+ Kg7 57. Rd7 Nc3+ 58. Kf3 Kf8 59. Rc7 Nd5 60. Rc5 Ke7 61. Ke4 Kd6 62. Rc8 Nb6 63. Rb8 Nc4 64. Rf8 Ke7 65. Ra8 Nd6+ 66. Kd3 Kd7 67. Ra7+ Kc6 68. Ra6+ Kc7 69. Kc3 Kd7 70. Kb4 Ne4 71. Ra7+ Ke8 72. Kb5 Nd2 73. Kc6 Nf3 74. Kd6 Kf8 75. Ra8+ Kg7 76. h3 Nxd4 77. Ke5 Nf5 78. Ra7 Nh4 79. Rb7 Nf3+ 80. Ke4 Nh4 81. Ra7 Nf5 82. Ke5 Ne3 83. Ke4 Nd5 84. Rd7 Nb6 85. Rd6 Nc4 86. Rd4 Nb6 87. Rd6 Nc8 88. Rc6 Ne7 89. Rc5 Kf8 90. Ra5 Nd5 91. Ra8+ Ke7 92. Ra7+ Kf8 93. Ra5 Ne7 94. Rb5 Nf5 95. Ra5 h4 96. Ke5 Ne7 97. Ra8+ Kg7 98. Ra2 Nd5 99. Rg2 Ne3 100. Re2 Nf5 101. Re1 Ng3 102. Ra1 Ne2 103. Ke4 Nc3+ 104. Kf3 Nd5 105. Kg4 f6 106. Kxh4 Nxf4 107. gxf6+ Kxf6 108. Rf1 e5 109. Kg4 Ke6 110. h4 Kf6 111. Rf3 Ke6 112. Kg5 Kd5 113. Ra3 Ke4 114. Ra4+ Kf3 115. Ra3+ Ke4 116. Ra4+ Kf3 117. Ra3+ 1/2-1/2

[Event "Polish University-ch Women 2024"]
[Site "Lublin"]
[Date "2024.02.24"]
[Round "8.6"]
[White "Rykala, Monika"]
[Black "Cieslak, Wiktoria"]
[Result "1-0"]
[ECO "A47"]
[WhiteElo "1893"]
[BlackElo "1868"]
[Annotator "NA RC"]
[PlyCount "103"]
[EventDate "2024.02.22"]
[EventType "swiss"]
[EventCountry "POL"]
[SourceTitle "playchess.com"]
[Source "ChessBase"]
[SourceQuality "1"]
[TimeControl "600+3"]

1. d4 Nf6 2. Nf3 e6 3. Bf4 b6 4. e3 Bb7 5. Nbd2 c5 6. c3 Be7 7. Bd3 O-O 8. h3 d6 9. Bh2 Re8 10. O-O Nbd7 11. Rc1 Rc8 12. Re1 Bf8 13. Nc4 e5 14. dxe5 Bxf3 15. Qxf3 Nxe5 16. Nxe5 dxe5 17. Bb5 Re6 18. Red1 Qc7 19. Bg3 Bd6 20. Bh4 e4 21. Qe2 Nd7 22. Rxd6 Rxd6 23. Bg3 Nf6 24. Bxd6 Qxd6 25. Rd1 Qe6 26. Qc4 Qe7 27. Qa4 h6 28. Bc4 Rc7 29. Bb5 h5 30. Qc4 Rc8 31. a4 Rd8 32. Qe2 Rc8 33. Qd2 Qb7 34. Qd6 a6 35. Be2 b5 36. axb5 axb5 37. Qe5 h4 38. Qg5 b4 39. c4 Qe7 40. Qxh4 Qe5 41. b3 Qb2 42. Kf1 Qxb3 43. Bg4 Qxc4+ 44. Kg1 Ra8 45. Bf5 Qc3 46. g4 b3 47. g5 Qe5 48. gxf6 Qxf5 49. fxg7 Qg6+ 50. Kh2 Qh7 51. Qf6 Qg6 52. Qe5 1-0

[Event "Polish University-ch Women 2024"]
[Site "Lublin"]
[Date "2024.02.24"]
[Round "8.7"]
[White "Harazinska, Magdalena"]
[Black "Marczuk, Anna"]
[Result "1/2-1/2"]
[ECO "A41"]
[WhiteElo "1950"]
[BlackElo "1982"]
[Annotator "NA RC"]
[PlyCount "102"]
[EventDate "2024.02.22"]
[EventType "swiss"]
[EventCountry "POL"]
[SourceTitle "playchess.com"]
[Source "ChessBase"]
[SourceQuality "1"]
[TimeControl "600+3"]

1. d4 d6 2. c4 e5 3. d5 f5 4. Nc3 Nf6 5. Nf3 Be7 6. g3 O-O 7. Bg2 a5 8. O-O Na6 9. b3 Nc5 10. Bb2 Nfe4 11. Nd2 Nxc3 12. Bxc3 Qe8 13. a3 Bd7 14. Qc2 f4 15. e3 fxe3 16. fxe3 Bg5 17. Rxf8+ Qxf8 18. Re1 Qe8 19. h4 Bf6 20. Ne4 Nxe4 21. Bxe4 g6 22. Kg2 Bg4 23. Rf1 Bg7 24. Ra1 b6 25. Ra2 Qf7 26. b4 axb4 27. axb4 Rf8 28. Qf2 Qxf2+ 29. Rxf2 Rxf2+ 30. Kxf2 Kf7 31. Bd3 Ke7 32. Bd2 Kf6 33. e4 Ke7 34. Be3 Kd7 35. c5 bxc5 36. Bb5+ Kd8 37. bxc5 Bf8 38. c6 Be7 39. Be2 Bc8 40. Ke1 Bh3 41. Kd2 Bc8 42. Kc3 Ke8 43. Kb4 Kd8 44. Ka5 Ke8 45. Bd2 Kd8 46. Ba6 Bg4 47. Bb7 Bf3 48. Ba6 Bxe4 49. Bc4 Bf5 50. Kb4 Bf6 51. Be3 Be7 1/2-1/2

[Event "Polish University-ch Women 2024"]
[Site "Lublin"]
[Date "2024.02.24"]
[Round "8.8"]
[White "Zarebska, Lena"]
[Black "Kaczmarska, Joanna"]
[Result "0-1"]
[ECO "B01"]
[WhiteElo "1871"]
[BlackElo "1870"]
[Annotator "NA COMBH"]
[PlyCount "114"]
[EventDate "2024.02.22"]
[EventType "swiss"]
[EventCountry "POL"]
[SourceTitle "playchess.com"]
[Source "ChessBase"]
[SourceQuality "1"]
[TimeControl "600+3"]

1. e4 d5 2. exd5 Qxd5 3. Nc3 Qa5 4. d4 Nf6 5. Nf3 Bf5 6. Bd2 c6 7. Ne5 Nbd7 8. Nc4 Qc7 9. a4 g6 10. Be2 Bg7 11. O-O O-O 12. Qc1 Ng4 13. Bf4 Qd8 14. h3 Ngf6 15. a5 Nd5 16. Nxd5 cxd5 17. Ne5 Nxe5 18. dxe5 Qc7 19. g4 Qxc2 20. gxf5 Qxe2 21. Re1 Qd3 22. fxg6 fxg6 23. Bg3 Rac8 24. Qg5 Rf3 25. Ra3 Qf5 26. Qxe7 Rxa3 27. bxa3 d4 28. Qxb7 d3 29. e6 Re8 30. Qd7 Rf8 31. Qd6 Bc3 32. Rd1 d2 33. e7 Re8 34. Qc6 Qc8 35. Qd5+ Kg7 36. Be5+ Bxe5 37. Qxe5+ Kf7 38. Qd5+ Kxe7 39. Rxd2 Qc1+ 40. Rd1 Qxa3 41. Qb7+ Kf6 42. Qxa7 Re5 43. Qb6+ Kf5 44. Qb1+ Kf6 45. Qb6+ Kf5 46. a6 Ra5 47. Qb1+ Kf6 48. Qb6+ Kf5 49. Qd4 Rxa6 50. Re1 Ra5 51. Qg4+ Kf6 52. Re6+ Kf7 53. Re1 Rf5 54. Qc4+ Kg7 55. Rf1 Qxh3 56. Qc7+ Kh6 57. Qc1+ Rg5+ 0-1

[Event "Polish University-ch Women 2024"]
[Site "Lublin"]
[Date "2024.02.24"]
[Round "8.9"]
[White "Dmochowska, Agnieszka"]
[Black "Michalska, Aleksandra"]
[Result "1/2-1/2"]
[ECO "C60"]
[WhiteElo "2001"]
[BlackElo "1812"]
[Annotator "NA RC"]
[PlyCount "113"]
[EventDate "2024.02.22"]
[EventType "swiss"]
[EventCountry "POL"]
[SourceTitle "playchess.com"]
[Source "ChessBase"]
[SourceQuality "1"]
[TimeControl "600+3"]

1. e4 e5 2. Nf3 Nc6 3. Bb5 g6 4. c3 Nge7 5. d4 exd4 6. cxd4 d5 7. e5 Bg7 8. O-O a6 9. Ba4 O-O 10. Bg5 b5 11. Bb3 h6 12. Be3 Na5 13. Nbd2 Nc4 14. Qc1 Nf5 15. Bxc4 dxc4 16. b3 cxb3 17. Nxb3 Bb7 18. Qd1 Qd5 19. Nc5 Bc6 20. Qb3 Qd8 21. Qd1 Qd5 22. Nd3 g5 23. Nb4 Qd7 24. Nxc6 Qxc6 25. Rc1 Qd5 26. Qc2 Qe6 27. d5 Nxe3 28. dxe6 Nxc2 29. Rxc2 g4 30. Nh4 fxe6 31. Rxc7 Bxe5 32. Rc6 Bf6 33. Ng6 Rfe8 34. Nf4 Kf7 35. Re1 Ra7 36. g3 e5 37. Nd5 Re6 38. Rc8 Rd7 39. Ne3 Re8 40. Rxe8 Kxe8 41. Nxg4 Bg7 42. Re2 Re7 43. h4 h5 44. Ne3 Bh8 45. Kg2 Rb7 46. Nf5 Rd7 47. Ne3 Kf7 48. Nc2 a5 49. Na3 b4 50. Nc4 Rd5 51. Kf3 Ke6 52. Ne3 Rd3 53. Kg2 Rd4 54. Nc2 Rc4 55. Ne3 Rd4 56. Nc2 Rc4 57. Ne3 1/2-1/2

[Event "Polish University-ch Women 2024"]
[Site "Lublin"]
[Date "2024.02.24"]
[Round "8.10"]
[White "Shaban, Aliaksandra"]
[Black "Moscicka, Pola"]
[Result "1-0"]
[ECO "E11"]
[WhiteElo "1708"]
[BlackElo "1960"]
[Annotator "NA RC"]
[PlyCount "75"]
[EventDate "2024.02.22"]
[EventType "swiss"]
[EventCountry "POL"]
[SourceTitle "playchess.com"]
[Source "ChessBase"]
[SourceQuality "1"]
[TimeControl "600+3"]

1. d4 Nf6 2. c4 e6 3. Nf3 d5 4. e3 Bb4+ 5. Bd2 Qe7 6. a3 Bxd2+ 7. Nbxd2 O-O 8. Bd3 b6 9. O-O Bb7 10. Qc2 Nbd7 11. cxd5 exd5 12. Qxc7 Rab8 13. Qf4 Ne4 14. Rfd1 Ndf6 15. Ne5 Qe6 16. f3 Nd6 17. Rac1 Rbc8 18. e4 Nde8 19. Nf1 Nd6 20. Ng3 dxe4 21. fxe4 Rfd8 22. d5 Qe7 23. Nf3 Nde8 24. Nf5 Qd7 25. Ne5 Qa4 26. Ne7+ Kf8 27. Nxc8 Bxc8 28. Nc6 Nxd5 29. Qf2 Rd6 30. exd5 Rxd5 31. Qc2 Qf4 32. Qf2 Qa4 33. Nb4 Re5 34. Bc2 Qb5 35. Bxh7 Bg4 36. Rd2 Nf6 37. Bd3 a5 38. Bxb5 1-0